 Dungeon Crawl Stone Soup version 0.30.0 (webtiles) character file.

Game seed: 2330821047463354789

99179 RascalDebosk the Warrior (level 16, -3/140 HPs)
             Began as a Djinni Conjurer on May 5, 2023.
             Was an Elder of Ashenzari.
             Slain by an emperor scorpion (22 damage)
             ... on level 4 of the Spider Nest on May 7, 2023.
             The game lasted 04:29:46 (21154 turns).

RascalDebosk the Warrior (Djinni Conjurer)         Turns: 21154, Time: 04:29:47

Health: -3/140     AC: 12    Str: 23    XL:     16   Next: 75%
Gold:   1138       EV: 10    Int: 26    God:    Ashenzari [****..] SH: 19 Dex: 14

rFire   + + .        T - +6 trident "Bound Together" {freeze, rC+ Str+5, Self, Evo} (curse)
rCold   . . .        H - +2 tower shield
rNeg    . . .        a - +2 troll leather armour {Pargi}
rPois   ∞            s - +2 hat of Supernal Understanding {Will+, Melee, Fort} (curse)
rElec   .            R - +0 cloak "Apathy of Ashenzari" {Fort, Self} (curse)
rCorr   .            x - +0 pair of gloves
SInv    +            (boots unavailable)
Will    ++...        F - amulet of Apeoromancy {Regen+, Self, Evo} (curse)
Stlth   ++           c - ring of the Tethered Failure {Str+6, Self, Evo} (curse)
HPRegen 2.03/turn    Q - ring "Elysian Absolutism" {Str+6, Self, Evo} (curse)
MPRegen 0.00/turn

%: clarity, infuse magic (-4 HP)
@: spiked, flying
A: sickness immunity, fire resistance 2, cold vulnerability 1, float, innate
caster, HP casting, extra vitality 1
a: Renounce Religion, Curse Item, Shatter the Chains


You were on level 4 of the Spider Nest.
You worshipped Ashenzari.
Ashenzari was greatly pleased with you.
You visited 5 branches of the dungeon, and saw 23 of its levels.
You also visited: Sewer, Ossuary and Bailey.

You collected 3888 gold pieces.
You spent 2750 gold pieces at shops.

Inventory:

Hand Weapons
 T - the cursed +6 trident "Bound Together" (weapon) {freeze, rC+ Str+5, Self, Evo}
   (You found it on level 1 of the Lair of Beasts)

   Str:       It affects your strength (+5).
   rC:        It protects you from cold.
   It has a curse which improves the following skills: Introspection: Fighting
   and Spellcasting.
   Evocations: Evocations.
Missiles
 b - 5 throwing nets {@!f}
Armour
 a - a +2 troll leather armour (worn) {Pargi}
 s - the cursed +2 hat of Supernal Understanding (worn) {Will+, Melee, Fort}
   (You took it off Gastronok on level 2 of the Lair of Beasts)

   It has a curse which improves the following skills: Melee Combat: Short
   Blades, Long Blades, Axes, Maces & Flails, Polearms, Staves and Unarmed
   Combat.
   Fortitude: Armour and Shields.
 x - a +0 pair of gloves (worn)
 H - a +2 tower shield (worn)
 R - the cursed +0 cloak "Apathy of Ashenzari" (worn) {Fort, Self}
   (You took it off Maurice on level 1 of the Orcish Mines)

   It has a curse which improves the following skills: Fortitude: Armour and
   Shields.
   Introspection: Fighting and Spellcasting.
Jewellery
 c - the cursed ring of the Tethered Failure (left hand) {Str+6, Self, Evo}
   (You found it on level 1 of the Dungeon)

   [ring of strength]

   Str:       It affects your strength (+6).
   It has a curse which improves the following skills: Introspection: Fighting
   and Spellcasting.
   Evocations: Evocations.
 D - the ring "Ypotept" {rN+ AC+4 Str-4 Int+3}
   (You found it on level 1 of the Spider Nest)

   [ring of protection]

   AC:        It affects your AC (+4).
   Str:       It affects your strength (-4).
   Int:       It affects your intelligence (+3).
   rN:        It protects you from negative energy.
 F - the cursed amulet of Apeoromancy (around neck) {Regen+, Self, Evo}
   (You found it on level 6 of the Dungeon)

   [amulet of regeneration]

   Regen:     It increases your rate of health regeneration.
   It has a curse which improves the following skills: Introspection: Fighting
   and Spellcasting.
   Evocations: Evocations.
 Q - the cursed ring "Elysian Absolutism" (right hand) {Str+6, Self, Evo}
   (You took it off an orc wizard on level 9 of the Dungeon)

   [ring of strength]

   Str:       It affects your strength (+6).
   It has a curse which improves the following skills: Introspection: Fighting
   and Spellcasting.
   Evocations: Evocations.
Wands
 n - a wand of charming (27)
 y - a wand of light (15)
 G - a wand of roots (3)
 N - a wand of polymorph (11)
 O - a wand of mindburst (13)
 P - a wand of digging (6)
Scrolls
 f - 4 scrolls of fog
 g - 3 scrolls of blinking
 h - 4 scrolls of poison
 p - 2 scrolls of vulnerability
 q - 5 scrolls of magic mapping
 t - 11 scrolls of teleportation
 v - 5 scrolls of noise
 w - 3 scrolls of enchant weapon
 A - 7 scrolls of fear
 E - 6 scrolls of immolation
 I - 2 scrolls of brand weapon
 L - a scroll of torment
 M - a scroll of butterflies
Potions
 d - 3 potions of might
 e - 15 potions of curing
 i - a potion of cancellation
 j - 4 potions of lignification
 k - a potion of berserk rage
 l - 8 potions of mutation
 m - 7 potions of attraction
 o - 4 potions of haste
 r - a potion of resistance
 u - 5 potions of invisibility
 z - 5 potions of brilliance
 J - 2 potions of ambrosia
 K - 2 potions of heal wounds
Miscellaneous
 B - a box of beasts
 C - a phantom mirror
 S - a piece from Xom's chessboard (15/15)
 V - a condenser vane


   Skills:
 * Level 16.6(21.5) Fighting
 + Level 6.3(8.1) Polearms
 + Level 7.2(10.0) Armour
 - Level 2.1 Dodging
 - Level 1.5 Stealth
 + Level 8.8(11.5) Shields
 * Level 13.4(18.5) Spellcasting
 - Level 9.6(14.0) Evocations


You knew the following spells:

 Your Spells              Type           Power      Damage    Failure   Level
a - Magic Dart            Conj           100%       1d8       0%          1
b - Searing Ray           Conj           100%       2d8       0%          2
c - Dazzling Flash        Conj/Hex       100%       N/A       0%          3
d - Fulminant Prism       Conj/Hex       44%        3d19      1%          4
e - Iskenderun's Mystic   Conj/Tloc      88%        2d17      1%          4
f - Shock                 Conj/Air       100%       1d9       0%          1
g - Lesser Beckoning      Tloc           100%       N/A       0%          2
h - Stone Arrow           Conj/Erth      100%       3d13      0%          3
i - Ozocubu's Armour      Ice            88%        N/A       0%          3
j - Lee's Rapid Deconstr  Erth           44%        3d21*     1%          5
k - Borgnjor's Vile Clut  Necr/Erth      44%        N/A       1%          5
l - Summon Cactus Giant   Summ           44%        N/A       1%          6
Your spell library was empty.

Dungeon Overview and Level Annotations

Branches:
Dungeon (11/15)            Temple (1/1) D:4            Lair (5/5) D:11
 Shoals (0/4) Lair:2       Spider (4/4) Lair:3        Slime (0/5) Lair:5
    Orc (2/2) D:10            Elf (0/3) Orc:2         Sewer (visited)
Ossuary (visited)          Bailey (visited)

Altars:
Ashenzari
Cheibriados
Dithmenos
Elyvilon
Fedhas
Gozag
Hepliaklqana
Makhleb
Nemelex Xobeh
Okawaru
Qazlal
Ru
Trog
Uskayaw
Wu Jian
Xom
Yredelemnul
Zin
The Shining One

Shops:
D:3 *   D:4 :   D:6 *   D:8 (   Orc:2 *([=

Annotations:
Spider:1 1 runed translucent door, nonceun's ghost, journeyman MiBe
Spider:3 2 transporters, Nuqinleag's ghost, adept GrEE


Innate Abilities, Weirdness & Mutations

You are immune to sickness and miasma.
You are immune to poison.
Your flesh is very heat resistant. (rF++)
You are vulnerable to cold. (rC-)
You float through the air rather than walking.
You learn spells naturally, not from books.
Your magical power is your life essence.
You have superior vitality. (+4 MHP)


Message History

The emperor scorpion is knocked back by the mystic blast.
* * * LOW HITPOINT WARNING * * *
The steelbarb worm completely misses you.
Casting: Iskenderun's Mystic Blast (safe; 1% risk of failure)
Confirm with . or Enter, or press ? or * to list all spells.
You erupt in a blast of force!
The mystic blast hits the emperor scorpion!!
The emperor scorpion is almost dead.
The emperor scorpion is knocked back by the mystic blast.
The mystic blast hits the steelbarb worm!!
The steelbarb worm is almost dead.
The steelbarb worm is knocked back by the mystic blast.
The steelbarb worm slams into the stone wall!
The steelbarb worm is almost dead.
The mystic blast hits the emperor scorpion!!
The emperor scorpion is heavily wounded.
The emperor scorpion is knocked back by the mystic blast.
The emperor scorpion slams into the stone wall!
The emperor scorpion is heavily wounded.
* * * LOW HITPOINT WARNING * * *
You block the emperor scorpion's attack. x3
Casting: Iskenderun's Mystic Blast (safe; 1% risk of failure)
Confirm with . or Enter, or press ? or * to list all spells.
You erupt in a blast of force!
The mystic blast hits the emperor scorpion!
The emperor scorpion is almost dead.
The emperor scorpion is knocked back by the mystic blast.
The mystic blast hits the steelbarb worm!
The steelbarb worm is moderately wounded.
The steelbarb worm is knocked back by the mystic blast.
The steelbarb worm slams into the rock wall!
The steelbarb worm is heavily wounded.
The mystic blast hits the steelbarb worm but does no damage.
The steelbarb worm is almost dead.
The mystic blast hits the emperor scorpion!
The emperor scorpion is heavily wounded.
* * * LOW HITPOINT WARNING * * *
You block the steelbarb worm's attack.
You block the emperor scorpion's attack.
The emperor scorpion claws you.
* * * LOW HITPOINT WARNING * * *
The emperor scorpion claws you but does no damage.
Casting: Iskenderun's Mystic Blast (safe; 1% risk of failure)
Confirm with . or Enter, or press ? or * to list all spells.
* * * LOW HITPOINT WARNING * * *
You carefully extract the barbed spikes from your body.
The steelbarb worm closely misses you.
You block the emperor scorpion's attack.
The emperor scorpion claws you but does no damage. x2
The emperor scorpion stings you but does no damage.
The emperor scorpion claws you but does no damage. x2
You block the steelbarb worm's attack. The steelbarb worm hits you!
* * * LOW HITPOINT WARNING * * *
Barbed spikes become lodged in your body.
The barbs in your skin will harm you if you move.
Continue?
Okay, then.
Casting: Summon Cactus Giant (mildly dangerous; 1% risk of failure)
Confirm with . or Enter, or press ? or * to list all spells.
Aiming: Borgnjor's Vile Clutch (safe; 1% risk of failure)
Press: ? - help, Shift-Dir - straight line, f - emperor scorpion
Aim: an emperor scorpion (almost dead, 100% to hit)
Okay, then.
Casting: Borgnjor's Vile Clutch (safe; 1% risk of failure)
Confirm with . or Enter, or press ? or * to list all spells.
Aiming: Lee's Rapid Deconstruction (safe; 1% risk of failure)
Press: ? - help, Dir - move target A stone wall.
The wall shatters!
The blast of rock fragments hits the emperor scorpion!
The emperor scorpion is heavily wounded.
The blast of rock fragments hits the emperor scorpion!
The emperor scorpion is severely wounded.
The blast of rock fragments hits the emperor scorpion!!
You kill the emperor scorpion!
* * * LOW HITPOINT WARNING * * *
You hear a faint skittering sound.
An orb spider comes into view.
The emperor scorpion stings you but does no damage.
The emperor scorpion claws you but does no damage. x2
You block the emperor scorpion's attack. x2
The emperor scorpion claws you!
* * * LOW HITPOINT WARNING * * *
The steelbarb worm hits you but does no damage. x2
Casting: Lee's Rapid Deconstruction (safe; 1% risk of failure)
Confirm with . or Enter, or press ? or * to list all spells.
Aiming: Lee's Rapid Deconstruction (safe; 1% risk of failure)
Press: ? - help, Dir - move target A stone wall.
The wall shatters!
The blast of rock fragments hits the emperor scorpion!
The emperor scorpion is severely wounded.
The blast of rock fragments hits the emperor scorpion!
The emperor scorpion is severely wounded.
* * * LOW HITPOINT WARNING * * *
You hear a faint skittering sound. x3
The emperor scorpion barely misses you.
You block the emperor scorpion's attack.
The emperor scorpion claws you but does no damage.
The emperor scorpion stings you!!
You die...

#....##......# , * ,^
.^#.....#......# * **,*
..#.....#..†...## * ,
**, ~* ...<....##......#
* , *, , ,*
###......##.....## ∆ ,
,, *
*#.......^##.†...#####**
** , *
###......^###....#†^# *^
,
####.........Cw.s#.....^
,* ,,
,#...........@s†.^.s....
, *
,##.^......†.ws#^.#.#^#~
~,~ , #########†..#####
# #* ~,,** , ....## ∆ *
* ^ ^* ,,, ,, ...†.^# ,
, ,, ,^.....## * { * * ,
, , *###...# * **^ *,
,,,, ^** .)..# * * , , ,
,, * ,,,, .# , ~,, ,~


You could see 2 emperor scorpions, 2 steelbarb worms, 2 orb spiders and a
friendly cactus giant (summoned).

Vanquished Creatures
  Gastronok (Lair:2)
  Aizul (Spider:1)
  2 emperor scorpions
  The ghost of Sucvi the Fighter, a journeyman MiFi of Okawaru (Orc:1)
  An orc warlord (Orc:1)
  A broodmother (Spider:1)
  A fire dragon (Lair:5)
  Josephine (Spider:1)
  2 entropy weavers
  Erolcha (Orc:2)
  2 jorogumos (Spider:4)
  An ogre mage (D:9)
  Harold (D:11)
  2 hydras
  2 centaur warriors
  A two-headed ogre (D:10)
  7 boulder beetles
  9 death yaks (Lair:5)
  A dancing weapon (Orc:1)
  3 orc high priests (Orc:2)
  Urug (D:10)
  A tengu warrior (D:8)
  2 fire crabs (Lair:5)
  Nergalle (D:11)
  2 pharaoh ants
  2 skysharks (Lair:4)
  3 steelbarb worms
  3 orc knights
  5 orb spiders
  An ugly thing (D:8)
  Pikel (D:8)
  11 wolf spiders
  6 orc sorcerers
  4 black mambas
  3 torpor snails
  A merfolk siren (Lair:2)
  Maurice (Orc:1)
  2 molten gargoyles (Lair:5)
  Joseph (D:7)
  Maggie (D:10)
  6 demonic crawlers
  10 cane toads
  Psyche (D:8)
  4 rime drakes
  8 komodo dragons
  A tengu conjurer (D:8)
  3 polar bears
  3 meliai (Spider:2)
  8 trolls
  17 tarantellas
  2 hornets
  16 blink frogs
  18 jumping spiders
  12 culicivoras
  4 wraiths
  5 wyverns
  4 shadows
  2 vampires
  8 basilisks
  4 humans (D:6)
  27 yaks
  36 redbacks
  3 steam dragons
  Grum (D:11)
  Menkaure (D:7)
  3 wargs (Orc:2)
  4 hell hounds (Lair:5)
  5 acid dragons
  9 water moccasins
  Duvessa (D:7)
  A hornet zombie (Ossuary)
  Pargi (D:3)
  38 orc warriors
  A sky beast (D:6)
  3 ice beasts
  5 ogres
  2 black bears (Lair:1)
  6 wolves
  A phantom (D:5)
  15 centaurs
  14 kobold brigands
  A lemure (D:8)
  3 wyvern zombies (Ossuary)
  3 gnoll sergeants
  10 bullfrogs
  8 scorpions
  5 wights
  Dowan (D:7)
  3 troll zombies (D:10)
  7 killer bees
  15 howler monkeys
  8 bullfrog zombies (Ossuary)
  A nameless horror (Orc:1)
  5 lava snakes (Lair:5)
  5 centaur zombies (Ossuary)
  8 orc priests
  3 hounds
  6 jellies
  3 gnoll boudas
  8 mummies (Ossuary)
  A sleepcap (D:7)
  Terence (D:3)
  3 iguanas
  17 orc wizards
  7 hell rats (Lair:5)
  A killer bee zombie (Ossuary)
  5 ogre zombies (D:10)
  4 howler monkey zombies (Ossuary)
  Robin (D:3)
  38 gnolls
  10 adders
  A shadow imp (D:8)
  A white imp (D:8)
  2 ufetubi
  7 worms
  3 dart slugs
  72 orcs
  14 ball pythons
  15 endoplasms
  3 giant cockroaches
  18 goblins
  14 hobgoblins
  12 jackals
  8 quokkas
  11 bats
  2 goblin skeletons (D:10)
  4 goblin zombies (D:10)
  A hobgoblin skeleton (D:10)
  2 hobgoblin zombies (D:10)
  48 kobolds
  3 orc skeletons (D:10)
  13 orc zombies (D:10)
  10 rats
  A fulminant prism (Bailey)
862 creatures vanquished.

Vanquished Creatures (collateral kills)
  Erica (D:11)
1 creature vanquished.

Vanquished Creatures (others)
  An orc wizard (Orc:1)
  95 fulminant prisms
  63 fungi
  46 plants
  4 withered plants (Ossuary)
209 creatures vanquished.

Grand Total: 1072 creatures vanquished

Notes
Turn   | Place    | Note
-------+----------+-------------------------------------------
     0 | D:1      | RascalDebosk the Djinni Conjurer began the quest for the
                  | Orb.
     0 | D:1      | RascalDebosk set off with the following spells memorised:
                  | Magic Dart, Searing Ray, Dazzling Flash, Fulminant Prism,
                  | Iskenderun's Mystic Blast.
     0 | D:1      | Reached XP level 1. HP: 15/15 MP: 0/0
   177 | D:1      | Reached XP level 2. HP: 20/22 MP: 0/0
   197 | D:1      | Reached skill level 1 in Fighting
   371 | D:1      | Reached XP level 3. HP: 26/27 MP: 0/0
   371 | D:1      | Learned a level 1 spell: Shock
   680 | D:1      | Reached skill level 1 in Armour
  1288 | D:2      | Reached XP level 4. HP: 23/33 MP: 0/0
  1329 | D:2      | Reached skill level 2 in Fighting
  2347 | D:3      | Found a glowing drain.
  2364 | D:3      | Noticed Robin
  2373 | D:3      | Killed Robin
  2374 | D:3      | Reached XP level 5. HP: 12/39 MP: 0/0
  2374 | D:3      | Learned a level 2 spell: Lesser Beckoning
  2523 | Sewer    | Entered a sewer
  2850 | Sewer    | Noticed a kobold brigand
  2862 | Sewer    | Killed a kobold brigand
  2863 | Sewer    | Reached skill level 3 in Fighting
  2863 | Sewer    | Reached XP level 6. HP: 36/46 MP: 0/0
  3180 | Sewer    | Reached skill level 4 in Fighting
  3180 | Sewer    | Reached XP level 7. HP: 42/52 MP: 0/0
  3180 | Sewer    | Learned a level 3 spell: Stone Arrow
  3449 | D:3      | Noticed Pargi
  3455 | D:3      | Killed Pargi
  3456 | D:3      | Reached skill level 5 in Spellcasting
  3593 | D:3      | Reached skill level 5 in Fighting
  3593 | D:3      | Reached XP level 8. HP: 58/59 MP: 0/0
  3866 | D:3      | Reached skill level 1 in Evocations
  4061 | D:3      | Noticed Terence
  4066 | D:3      | Killed Terence
  4267 | D:3      | Found Wyossyco's General Store.
  4271 | D:3      | Bought a scroll of teleportation for 36 gold pieces
  4271 | D:3      | Bought a potion of invisibility for 96 gold pieces
  4271 | D:3      | Bought a scroll of teleportation for 36 gold pieces
  4271 | D:3      | Bought a scroll of noise for 12 gold pieces
  4645 | D:4      | Reached skill level 6 in Fighting
  4704 | D:4      | Found a staircase to the Ecumenical Temple.
  4713 | Temple   | Entered the Ecumenical Temple
  4769 | Temple   | Became a worshipper of Ashenzari the Shackled
  5283 | D:4      | Found Axasuobof's Book Boutique.
  5490 | D:4      | Reached XP level 9. HP: 57/66 MP: 0/0
  5490 | D:4      | Learned a level 3 spell: Ozocubu's Armour
  5875 | D:5      | Entered Level 5 of the Dungeon
  6141 | D:5      | Upgraded the game from 0.30-b1-7-gcb88a99046 to 0.30.0
  6833 | D:6      | Reached * piety under Ashenzari
  6845 | D:6      | Identified a scroll of acquirement
  6854 | D:6      | Acquired 559 gold pieces
  6970 | D:3      | Bought a wand of charming (4) for 115 gold pieces
  6970 | D:3      | Bought a phantom mirror for 480 gold pieces
  7063 | D:6      | Reached skill level 7 in Fighting
  7064 | D:6      | Reached skill level 5 in Armour
  7309 | D:6      | Reached XP level 10. HP: 63/78 MP: 0/0
  7429 | D:6      | Found Cesett's General Store.
  7438 | D:6      | Bought a scroll of butterflies for 56 gold pieces
  7513 | D:7      | Found a sand-covered staircase.
  7524 | Ossuary  | Entered an ossuary
  7555 | Ossuary  | Reached skill level 8 in Fighting
  7567 | Ossuary  | Reached skill level 1 in Shields
  7964 | D:7      | Found a flagged portal.
  8045 | D:7      | Noticed Menkaure
  8055 | D:7      | Killed Menkaure
  8082 | Bailey   | Entered a bailey
  8124 | Bailey   | Reached skill level 9 in Fighting
  8192 | Bailey   | Reached skill level 5 in Evocations
  8198 | Bailey   | Reached XP level 11. HP: 66/86 MP: 0/0
  8198 | Bailey   | Learned a level 5 spell: Lee's Rapid Deconstruction
  8198 | Bailey   | Found the +10 dark maul {heavy}
  8198 | Bailey   | Identified the +10 mace of Callousness {flame, rPois rF+++
                  | Str-5}
  8209 | Bailey   | Found an iron altar of Okawaru.
  8396 | D:7      | Noticed Joseph
  8408 | D:7      | Killed Joseph
  8833 | D:7      | Noticed Dowan
  8834 | D:7      | Noticed Duvessa
  8839 | D:7      | Killed Dowan
  8844 | D:7      | Killed Duvessa
  9044 | D:8      | Noticed Pikel
  9048 | D:8      | Killed Pikel
  9049 | D:8      | Reached skill level 10 in Fighting
  9180 | D:8      | Found Kabov's Weapon Boutique.
  9183 | D:8      | Bought the +9 dagger of Getoggath {heavy, rN+} for 717 gold
                  | pieces
  9191 | D:8      | Noticed Psyche
  9194 | D:8      | Killed Psyche
  9340 | D:8      | Noticed a tengu warrior
  9348 | D:8      | Killed a tengu warrior
  9444 | D:8      | Noticed a centaur warrior
  9450 | D:8      | HP: 1/87 [centaur warrior/arrow (23)]
  9461 | D:8      | Killed a centaur warrior
  9664 | D:8      | Noticed a purple ugly thing
  9674 | D:8      | Killed a purple ugly thing
  9811 | D:9      | Identified the +2 scale mail of the Mind {Fly Regen+ Str-3}
  9957 | D:9      | Noticed a boulder beetle
  9966 | D:9      | Killed a boulder beetle
  9967 | D:9      | Reached skill level 11 in Fighting
  9967 | D:9      | Reached XP level 12. HP: 84/95 MP: 0/0
  9983 | D:9      | Noticed an ogre mage
  9987 | D:9      | Paralysed by an ogre mage for 3 turns
  9992 | D:9      | Killed an ogre mage
 10284 | D:9      | Found an ornate altar of the Wu Jian Council.
 10401 | D:10     | Entered Level 10 of the Dungeon
 10656 | D:10     | Found a staircase to the Orcish Mines.
 10924 | D:10     | Noticed a two-headed ogre
 10932 | D:10     | Killed a two-headed ogre
 10936 | D:10     | Noticed Urug
 10943 | D:10     | Killed Urug
 10944 | D:10     | Reached skill level 12 in Fighting
 11090 | D:10     | Noticed Maggie
 11096 | D:10     | Killed Maggie
 11097 | D:10     | Reached skill level 10 in Spellcasting
 11479 | D:10     | Reached ** piety under Ashenzari
 11820 | D:11     | Noticed a centaur warrior
 11820 | D:11     | Noticed a boulder beetle
 12012 | D:11     | Killed a centaur warrior
 12111 | D:11     | Killed a boulder beetle
 12113 | D:11     | Noticed Harold
 12133 | D:11     | Killed Harold
 12134 | D:11     | Reached XP level 13. HP: 84/106 MP: 0/0
 12134 | D:11     | Learned a level 5 spell: Borgnjor's Vile Clutch
 12224 | D:11     | Noticed Grum
 12230 | D:11     | Killed Grum
 12241 | D:11     | Noticed Erica
 12245 | D:11     | Killed Erica
 12384 | D:11     | Noticed Nergalle
 12387 | D:11     | Killed Nergalle
 12491 | D:11     | Found a staircase to the Lair.
 12583 | Lair:1   | Entered Level 1 of the Lair of Beasts
 12616 | Lair:1   | Identified the +6 trident "Yvaepiasif" {freeze, rC+ Str+5}
 12689 | Lair:1   | Reached skill level 13 in Fighting
 12904 | Lair:1   | Reached skill level 1 in Polearms
 13267 | Lair:2   | Found a staircase to the Shoals.
 13316 | Lair:2   | Identified the +2 leather armour "Kawaupp" {Dex+3}
 13372 | Lair:2   | Noticed Gastronok
 13386 | Lair:2   | Killed Gastronok
 13396 | Lair:2   | Reached *** piety under Ashenzari
 13673 | Lair:2   | Reached skill level 5 in Shields
 13948 | Lair:3   | Found a hole to the Spider Nest.
 14357 | Lair:3   | Noticed a six-headed hydra
 14362 | Lair:3   | Killed a six-headed hydra
 14490 | Lair:4   | Reached XP level 14. HP: 115/117 MP: 0/0
 14577 | Lair:4   | Reached skill level 14 in Fighting
 15319 | Lair:5   | Entered Level 5 of the Lair of Beasts
 15788 | Lair:5   | Found a staircase to the Slime Pits.
 15965 | Lair:5   | Reached skill level 15 in Fighting
 16230 | Lair:5   | Found a large runed translucent door.
 16230 | Lair:5   | Found a large runed translucent door.
 16245 | Lair:5   | Reached XP level 15. HP: 117/127 MP: 0/0
 16245 | Lair:5   | Learned a level 6 spell: Summon Cactus Giant
 16951 | D:6      | Bought a potion of invisibility for 112 gold pieces
 16951 | D:6      | Identified the Spellbook of the Baneful Boulder
 17056 | D:3      | Bought a scroll of torment for 114 gold pieces
 17249 | Orc:1    | Entered Level 1 of the Orcish Mines
 17551 | Orc:1    | Found a runed translucent door.
 17551 | Orc:1    | Found a shimmering altar of Xom.
 17551 | Orc:1    | Noticed Sucvi's ghost (journeyman MiFi)
 17552 | Orc:1    | Noticed Maurice
 17554 | Orc:1    | Killed Maurice
 17610 | Orc:1    | Killed Sucvi's ghost
 18225 | Orc:2    | Entered Level 2 of the Orcish Mines
 18226 | Orc:2    | Found Assibba's General Store.
 18232 | Orc:2    | Noticed an orc warlord
 18245 | Orc:2    | Reached skill level 5 in Polearms
 18253 | Orc:1    | Killed an orc warlord
 18395 | Orc:2    | Found Dumots's Antique Armour Emporium.
 18453 | Orc:2    | Found Ugryoroq's Jewellery Boutique.
 18465 | Orc:2    | Found a staircase to the Elven Halls.
 18502 | Orc:2    | Bought a piece from Xom's chessboard (15/15) for 280 gold
                  | pieces
 18502 | Orc:2    | Bought a condenser vane for 560 gold pieces
 18569 | Orc:2    | Noticed Erolcha
 18572 | Orc:2    | Killed Erolcha
 18729 | Orc:2    | Found Ypnis's Antique Weapon Shop.
 18737 | Orc:2    | Bought a glowing trident for 136 gold pieces
 19058 | Orc:2    | Reached **** piety under Ashenzari
 19270 | Spider:1 | Entered Level 1 of the Spider Nest
 19275 | Spider:1 | Noticed Aizul
 19279 | Spider:1 | Noticed a broodmother
 19290 | Spider:1 | Killed Aizul
 19290 | Spider:1 | Noticed an emperor scorpion
 19295 | Spider:1 | Killed a broodmother
 19338 | Spider:1 | Reached skill level 16 in Fighting
 19344 | Spider:1 | Noticed Josephine
 19346 | Lair:3   | Killed an emperor scorpion
 19347 | Lair:3   | Reached XP level 16. HP: 63/139 MP: 0/0
 19396 | Spider:1 | Killed Josephine
 19435 | Spider:1 | Identified the +1 robe of Parlour Games {rF+}
 19578 | Spider:1 | Noticed nonceun's ghost (journeyman MiBe)
 19598 | Spider:1 | Identified the ring "Ypotept" {rN+ AC+4 Str-4 Int+3}
 19630 | Spider:1 | Found a runed translucent door.
 20374 | Spider:3 | Found a transporter.
 20376 | Spider:3 | Noticed Nuqinleag's ghost (adept GrEE)
 20381 | Spider:3 | Found a transporter.
 20945 | Spider:4 | Entered Level 4 of the Spider Nest
 21135 | Spider:4 | Noticed an emperor scorpion
 21140 | Spider:4 | Noticed an emperor scorpion
 21143 | Spider:4 | Noticed an emperor scorpion
 21153 | Spider:4 | Killed an emperor scorpion
 21154 | Spider:4 | Slain by an emperor scorpion

Illustrated notes

Levels and vault maps discovered:
D:1:      scummos_arrival_hexagon, layout_basic, hangedman_abyss_or_decor_stabs,
          minmay_pentomino_w4
D:2:      minmay_razor_zed, layout_basic
D:3:      lemuel_castle_with_subvaults [lemuel_castle_interior_carwin_1],
          layout_basic, cheibrodos_sewer_entry_sluice, serial_shops, shop,
          kennysheep_generic_room_4, uniq_terence, uniq_pargi, uniq_robin
D:4:      layout_cave_pods, minmay_temple_entry_nine_rooms, serial_shops,
          nicolae_shop_hallway_plus
D:5:      minmay_spotlight, layout_layer_cave, nicolae_elevator_lobby_asterisk
D:6:      layout_basic, serial_shops, shop_statue, minmay_ruffians
D:7:      old_forge, layout_basic, enter_bailey_8,
          nicolae_ossuary_entry_monument, uniq_duvessa, uniq_menkaure,
          uniq_joseph
D:8:      layout_loops_cross, serial_shops, nicolae_shop_tiny_real_fake_doors,
          chequers_serial_rivers_room_a, minmay_diamond_spiral, uniq_pikel,
          uniq_psyche
D:9:      nzn_winding_woodlands_three_and_one
          [nzn_winding_woodlands_5x15_sawtooth,
          nzn_winding_woodlands_5x15_twine, nzn_winding_woodlands_5x15_garden,
          nzn_winding_woodlands_center_pierced_h], layout_rooms,
          nzn_wu_jian_council_hall
D:10:     layout_layer_cave, zombieorc2_lemuel, minmay_misc_feat_pillars,
          grunt_ministairs_6, uniq_urug, uniq_maggie
D:11:     layout_roguey, grunt_lair_entry_orc_guard_hut, uniq_erica, uniq_grum,
          uniq_harold, uniq_nergalle
Temple:   regret_index_temple_sigil_plot
Lair:1:   layout_regular_city, serial_bayou_shore_b, lemuel_fruit_fields
Lair:2:   layout_roguey, minmay_shoals_entry_lonely_mermaid, uniq_gastronok
Lair:3:   layout_concentric_octagons, nicolae_spider_entry_orb_guardian
Lair:4:   layout_long_grid, grunt_megastairs_4, infiniplex_staircase_pool_2
Lair:5:   cheibrodos_lair_end_hotspot, layout_long_grid,
          nicolae_slime_entry_field_trip
Spider:1: layout_spider_delve, hellmonk_ghost_happy_afterlife, uniq_aizul,
          uniq_josephine
Spider:2: layout_spider_delve
Spider:3: layout_spider_delve, gammafunk_ghost_mausoleum
Spider:4: guppyfry_spider_rune
Orc:1:    layout_caves, ebering_ghost_xom, nicolae_orc_pool_cavern,
          mines1_david, uniq_maurice
Orc:2:    grunt_orc_gardens, layout_caves, grunt_orc_garden, grunt_orc_garden,
          grunt_orc_garden, grunt_orc_garden, uniq_erolcha

Skill      XL: |  1  2  3  4  5  6  7  8  9 10 11 12 13 14 15 16 |
---------------+-------------------------------------------------+-----
Fighting       | 1 2 3 4 5 6 7 9 11 12 13 15 16 | 16.6
Armour         | 1 2 3 4 5 6 7 |  7.2
Spellcasting   | 4 5 6 7 9 10 11 12 13 | 13.4
Evocations     | 2 3 5 6 7 8 9 |  9.6
Shields        | 3 4 5 7 8 |  8.8
Polearms       | 2 4 5 6 |  6.3
Dodging        | |  2.1
Stealth        | |  1.5

Action                     |  1- 3 |  4- 6 |  7- 9 | 10-12 | 13-15 | 16-18 || total
---------------------------+-------+-------+-------+-------+-------+-------++-------
  Melee: Dagger            |       |    10 |     7 |    21 |       |       ||    38
         Maul              |       |       |       |     2 |       |       ||     2
         Trident           |       |       |       |       |    17 |     1 ||    18
   Cast: Magic Dart        |    36 |    35 |    93 |   130 |    23 |     3 ||   320
         Shock             |    29 |   133 |   211 |    23 |       |       ||   396
         Iskenderun's Myst |       |     1 |     2 |   111 |   140 |    79 ||   333
         Stone Arrow       |       |       |    22 |    57 |    82 |    22 ||   183
         Searing Ray       |       |       |    10 |    39 |    10 |       ||    59
         Lesser Beckoning  |       |       |     3 |     3 |       |       ||     6
         Fulminant Prism   |       |       |     5 |    57 |    28 |     6 ||    96
         Dazzling Flash    |       |       |     1 |     3 |       |       ||     4
         Ozocubu's Armour  |       |       |     2 |     2 |     1 |       ||     5
         Lee's Rapid Decon |       |       |       |    62 |   172 |    46 ||   280
         Borgnjor's Vile C |       |       |       |       |    78 |    29 ||   107
         Summon Cactus Gia |       |       |       |       |     2 |     1 ||     3
 Invoke: Curse Item        |       |       |     2 |     1 |     4 |       ||     7
         Shatter the Chain |       |       |       |       |     1 |       ||     1
  Evoke: Phantom mirror    |       |       |       |       |     1 |       ||     1
         Wand              |       |       |       |       |     1 |       ||     1
    Use: Scroll            |       |       |    17 |     2 |     2 |       ||    21
         Potion            |       |       |       |     2 |       |       ||     2
 Armour: Leather armour    |       |     9 |     2 |       |       |       ||    11
         Robe              |       |     1 |       |       |       |       ||     1
         Troll leather arm |       |       |    27 |    63 |    25 |    24 ||   139
  Dodge: Dodged            |     3 |    11 |    42 |    96 |    28 |    15 ||   195
  Block: Tower shield      |       |       |       |       |    49 |    47 ||    96
